 Dungeon Crawl Stone Soup version 0.20.1-1-g8b1a95d (webtiles) character file.

91637 Azure the Unseen (level 15, -1/184 HPs)
             Began as a Demonspawn Berserker on July 31, 2017.
             Was a High Priest of Trog.
             Slain by a naga mage
             ... wielding a +0 halberd
              (9 damage)
             ... on level 4 of the Snake Pit on Aug 1, 2017.
             The game lasted 01:34:27 (17125 turns).

Azure the Unseen (Demonspawn Berserker)            Turns: 17125, Time: 01:34:28

Health: -1/184     AC: 31    Str: 24    XL:     15   Next: 55%
Magic:  15/15      EV: -1    Int:  9    God:    Trog [*****.]
Gold:   248        SH: 11    Dex: 11    Spells: 14/14 levels left

rFire    + . .     SeeInvis .   m - +7 dagger (drain)
rCold    + . .     Gourm    .   T - +0 shield {reflect}
rNeg     + + +     Faith    .   (armour currently unavailable)
rPois    +         Spirit   .   (helmet currently unavailable)
rElec    +         Reflect  +   (cloak currently unavailable)
rCorr    +         Harm     .   (gloves currently unavailable)
MR       +++..     NoTele   +   (boots currently unavailable)
Stlth    +++++++++.             a - amulet "Kikkifen" {+Blink +Fly rPois Regen+ Str-4}
Regen    1.8/turn               N - +5 ring of slaying
MPRegen  0.2/turn               L - +4 ring of protection

@: mighty, tree-form, resistant, berserk cooldown, regenerating, slowed,
constricted, very slow
A: rugged brown scales 2, blurry vision 2, clumsy 1, nightstalker 3, powered by
pain 2, evolution 1
a: Berserk, Trog's Hand, Brothers in Arms, Burn Spellbooks, Renounce Religion,
Evoke Blink


You were on level 4 of the Snake Pit.
You worshipped Trog.
Trog was extremely pleased with you.
You were near starving.
You were a tree.
You visited 3 branches of the dungeon, and saw 17 of its levels.
You also visited: Ice Cave.

You collected 1327 gold pieces.
You spent 1079 gold pieces at shops.

Inventory:

Hand Weapons
 e - a +5 longbow of freezing
 m - a +7 dagger of draining (weapon)
 I - a +3 scimitar of venom
 U - a +6 antimagic rapier
Missiles
 O - 143 arrows
Armour
 t - a +2 cloak
 A - the +5 ring mail of Seacse (melded) {Dex+8 SInv Stlth-}
   (You found it on level 6 of the Dungeon)

   It affects your dexterity (+8).
   It lets you see invisible.
   It makes you less stealthy.
 P - the +2 pair of gloves of an ossuary (melded) {Regen+ Str+4}
   (You found it on level 4 of the Lair of Beasts)

   It affects your strength (+4).
   It increases your rate of regeneration.
 T - a +0 shield of reflection (worn)
 X - a +0 pair of boots (melded)
 Z - a scarf of resistance (melded)
Jewellery
 a - the amulet "Kikkifen" (around neck) {+Blink +Fly rPois Regen+ Str-4}
   (You acquired it on level 3 of the Lair of Beasts)

   [amulet of regeneration]

   It affects your strength (-4).
   It protects you from poison.
   It lets you fly.
   It lets you blink.
   It increases your rate of regeneration.
 f - a +2 amulet of reflection
 h - an uncursed amulet of harm
 r - a +3 ring of evasion
 D - an uncursed ring of protection from magic
 J - an uncursed ring of protection from fire
 L - a +4 ring of protection (right branch)
 N - a +5 ring of slaying (left branch)
Wands
 g - a wand of acid (3/15)
 k - a wand of confusion (36/48)
 y - a wand of flame (11/48)
 z - a wand of iceblast (8/15)
 E - a wand of iceblast (4/15)
 F - a wand of polymorph (12/24)
 H - a wand of lightning (3/15)
 M - a wand of acid (6/15)
 R - a wand of confusion (29/48)
 S - a wand of acid (8/15)
 V - a wand of enslavement (6/24)
Scrolls
 j - 7 scrolls of teleportation
 l - a scroll of magic mapping
 s - 3 scrolls of recharging
 v - 2 scrolls of blinking
 w - 3 scrolls of identify
 B - 2 scrolls of fog
 W - 7 scrolls of remove curse
Potions
 b - a potion of lignification
 d - 2 potions of might
 o - 2 potions of curing
 p - 3 potions of brilliance
 u - 3 potions of agility
 x - 3 potions of magic
Miscellaneous
 K - a box of beasts
 Q - a phantom mirror
Comestibles
 c - 11 bread rations
 i - 4 royal jellies
 n - 39 fruits
 q - 8 meat rations


   Skills:
 + Level 11.0 Fighting
 * Level 11.5(11.6) Short Blades
 + Level 3.3(8.2) Long Blades
 + Level 7.7 Armour
 * Level 10.8 Dodging
 * Level 16.1 Stealth
 * Level 6.5 Shields
 + Level 1.3 Evocations


You had 14 spell levels left.
You didn't know any spells.

Dungeon Overview and Level Annotations

Branches:
Dungeon (9/15)             Temple (0/1) D:5            Lair (4/6) D:9
  Swamp (0/4) Lair:4        Snake (4/4) Lair:4          Orc (0/2) D:9

Altars:
Ashenzari
Elyvilon
Hepliaklqana
Okawaru
Sif Muna
Trog
Uskayaw
Xom

Shops:
D:5 ?   Snake:1 =((?=   Snake:4 [

Annotations:
Lair:2 exclusion: 2 oklob plants


Innate Abilities, Weirdness & Mutations

((You have a pair of horns on your head.))
(You are mostly covered in rugged brown scales. (AC +2, +5% HP))
You are completely attuned to the shadows.
You sometimes gain power by taking damage.
((You have sharp toenails.))
Scrolls take you longer to read.
You are clumsy. (Dex -2)
((You are covered in fur. (AC +1)))
You evolve.


Message History

The naga ritualist appears unharmed.
You block the naga mage's attack. The naga mage constricts you.
The lindwurm bites you!
* * * LOW HITPOINT WARNING * * *
The lindwurm claws you.
* * * LOW HITPOINT WARNING * * *
The lindwurm claws you but does no damage.
Your two-headed ogre hits the naga mage with a giant club!
Your two-headed ogre barely misses the naga mage.
The naga mage spits poison at your two-headed ogre.
The splash of poison hits your two-headed ogre.
Your two-headed ogre is poisoned.
The naga mage constricts your two-headed ogre.
The salamander mystic hits you but does no damage.
The naga sharpshooter spits poison at you.
Helpless, you fail to dodge the splash of poison.
You resist.
The naga sharpshooter gestures wildly while chanting.
The naga sharpshooter magically shoots a bolt.
The bolt hits you but does no damage. The naga mage hits you with a halberd!
You die...

**,,,,,,,,** **,,≈≈≈≈≈≈,,*
*,,,≈≈≈≈≈≈,,, *****
**,≈≈≈≈≈≈≈≈≈≈,
##...##*,,≈≈≈≈≈≈≈≈≈≈,
*#.....##.≈≈≈≈≈≈≈≈≈≈≈≈
*.......#.N≈≈≈≈≈≈≈≈≈≈≈
*...NNk(N.§≈≈≈≈≈≈≈≈≈≈≈
*...N♣NN#,≈≈≈≈≈≈≈≈≈≈≈≈
#####..NNN##,,≈≈≈≈≈≈≈≈≈≈,
#...##..O#)##,≈≈≈≈≈≈≈≈≈≈,
#.#'#####))(#,,≈≈≈≈≈≈≈≈,,
#.#))≈§§#...##,,≈≈≈≈≈≈,,#
#.#..≈≈≈##...##,,,,,,,,##
#.##..≈≈≈##...###,,,,###.
###..##..≈§≈##....######)..
#.....##[)≈≈§##.......)....


You could see a naga warrior, 2 naga sharpshooters, a salamander mystic, a naga
ritualist, a lindwurm, 3 naga magi, a naga and a friendly two-headed ogre
(berserk).

Vanquished Creatures
  Vashnia (Snake:4)
  Donald (Snake:4)
  6 nagarajas
  A frost giant (IceCv)
  8 naga warriors
  3 two-headed ogres (D:9)
  4 anacondas
  7 shock serpents
  A death yak (IceCv)
  The ghost of Saba the Markscentaur, a novice CeHu of Okawaru (D:8)
  13 naga sharpshooters
  The ghost of Cecillian the Skirmisher, a novice HOFi of Beogh (D:7)
  4 salamander mystics (Snake:4)
  6 naga ritualists
  2 lindwurms (Snake:4)
  11 mana vipers
  2 salamanders
  4 guardian serpents
  7 naga magi (Snake:4)
  26 black mambas
  7 spiny frogs
  4 komodo dragons (Lair:3)
  7 polar bears
  A hornet (D:9)
  5 blink frogs (Lair:3)
  8 hippogriffs
  40 yaks
  A basilisk (Lair:4)
  6 swamp worms (Lair:4)
  Menkaure (D:6)
  21 nagas
  4 water moccasins
  6 porcupines
  2 ice beasts
  3 sky beasts
  An orc warrior (D:9)
  A phantom (D:6)
  2 black bears (Lair:4)
  A necrophage (D:9)
  An ogre (D:7)
  7 crocodiles
  34 wolves
  5 centaurs
  Blork the orc (D:4)
  A big kobold (D:8)
  13 bullfrogs
  A gnoll sergeant (D:5)
  A scorpion (D:6)
  A wyvern skeleton (D:7)
  6 wights
  3 killer bees (D:8)
  3 howler monkeys
  2 electric eels (Lair:4)
  A crimson imp (D:6)
  A quasit (D:9)
  2 hounds
  2 jellies
  6 orc priests
  2 bullfrog skeletons
  A centaur skeleton (D:6)
  5 orc wizards
  An iguana (D:9)
  5 worker ants
  A hound zombie (D:8)
  3 hound skeletons
  2 howler monkey zombies (D:7)
  A worker ant zombie (D:8)
  8 adders
  8 gnolls
  A shadow imp (D:9)
  2 adder zombies (D:5)
  A worm (D:2)
  5 dart slugs
  7 leopard geckos
  38 orcs
  10 bats
  4 giant cockroaches
  12 goblins
  5 hobgoblins
  15 jackals
  5 quokkas
  A ball python (D:3)
  6 frilled lizards
  6 kobolds
  3 rats
479 creatures vanquished.

Vanquished Creatures (collateral kills)
  A nagaraja (Snake:4)
  A hydra (Lair:2)
  4 naga warriors
  An anaconda (Snake:1)
  A death yak (IceCv)
  A naga sharpshooter (Snake:1)
  A shock serpent (Snake:1)
  3 naga ritualists
  A salamander (Snake:1)
  A guardian serpent (Snake:4)
  5 black mambas
  An ice statue (IceCv)
  A naga mage (Snake:1)
  8 polar bears (IceCv)
  3 yaks (IceCv)
  10 nagas
  A water moccasin (Lair:2)
  3 wolves (IceCv)
47 creatures vanquished.

Vanquished Creatures (others)
  2 fungi (Lair:2)
  A plant (Lair:2)
3 creatures vanquished.

Grand Total: 529 creatures vanquished

Notes
Turn   | Place    | Note
-------+----------+-------------------------------------------
     0 | D:1      | Azure the Demonspawn Berserker began the quest for the Orb.
     0 | D:1      | Reached XP level 1. HP: 18/18 MP: 1/1
   311 | D:1      | Gained mutation: You are slightly more attuned to the shadows. [demonic ancestry]
   311 | D:1      | Reached XP level 2. HP: 21/24 MP: 2/2
   967 | D:2      | Reached skill level 1 in Stealth
  1022 | D:2      | Reached XP level 3. HP: 15/29 MP: 3/3
  1044 | D:2      | Reached ** piety under Trog
  1484 | D:2      | Gained mutation: You have a pair of small horns on your head. [demonic ancestry]
  1484 | D:2      | Reached XP level 4. HP: 16/35 MP: 4/4
  2063 | D:3      | Gained mutation: You have sharp toenails. [potion of mutation]
  2063 | D:3      | Gained mutation: You are weak. (Str -2) [potion of mutation]
  2063 | D:3      | Gained mutation: You evolve. [potion of mutation]
  2086 | D:3      | Found a white marble altar of Elyvilon.
  2144 | D:3      | Found an iron altar of Okawaru.
  2244 | D:3      | Reached *** piety under Trog
  2425 | D:3      | Gained mutation: You are significantly more attuned to the shadows. [demonic ancestry]
  2425 | D:3      | Reached XP level 5. HP: 41/42 MP: 5/5
  2431 | D:3      | Reached skill level 2 in Stealth
  2433 | D:3      | Reached skill level 1 in Short Blades
  2653 | D:3      | Lost mutation: You are weak. (Str -2) [evolution]
  3044 | D:4      | Noticed Blork the orc
  3051 | D:4      | Killed Blork the orc
  3432 | D:4      | Reached XP level 6. HP: 37/48 MP: 6/6
  3940 | D:5      | Entered Level 5 of the Dungeon
  3994 | D:5      | Reached skill level 3 in Stealth
  4061 | D:5      | Noticed a hippogriff
  4071 | D:5      | Killed a hippogriff
  4071 | D:5      | Reached skill level 4 in Stealth
  4071 | D:5      | Gained mutation: You have a pair of horns on your head. [demonic ancestry]
  4071 | D:5      | Reached XP level 7. HP: 55/55 MP: 7/7
  4214 | D:5      | Found Ronn's Magic Scroll Emporium.
  4217 | D:5      | Bought a scroll of remove curse for 39 gold pieces
  4217 | D:5      | Bought a scroll of identify for 26 gold pieces
  4217 | D:5      | Bought a scroll of enchant weapon for 97 gold pieces
  4263 | D:5      | Reached skill level 5 in Stealth
  4323 | D:5      | Found a staircase to the Ecumenical Temple.
  4403 | D:5      | Gained mutation: You are partially covered in rugged brown scales. (AC +1, +3% HP) [demonic ancestry]
  4403 | D:5      | Reached XP level 8. HP: 55/62 MP: 8/8
  4540 | D:6      | Reached skill level 6 in Stealth
  4619 | D:6      | Gained mutation: You passively map a small area around you. [evolution]
  4653 | D:6      | Noticed Menkaure
  4756 | D:6      | Killed Menkaure
  4861 | D:6      | Reached skill level 5 in Fighting
  4865 | D:6      | Reached skill level 7 in Stealth
  5153 | D:6      | Got a brightly glowing ring mail
  5164 | D:6      | Identified the +5 ring mail of Seacse {Dex+8 SInv Stlth-} (You found it on level 6 of the Dungeon)
  5192 | D:6      | Gained mutation: You sometimes gain a little power by taking damage. [demonic ancestry]
  5192 | D:6      | Reached XP level 9. HP: 70/70 MP: 9/9
  5270 | D:6      | Reached **** piety under Trog
  5815 | D:7      | Noticed Cecillian's ghost (novice HOFi)
  5836 | D:7      | HP: 4/105 [Cecillian's ghost (11)]
  5839 | D:7      | Killed Cecillian's ghost
  5839 | D:7      | Reached skill level 5 in Short Blades
  5839 | D:7      | Reached skill level 8 in Stealth
  6317 | D:7      | You fall through a shaft for 2 floors!
  6373 | D:9      | Found a staircase to the Orcish Mines.
  6678 | D:9      | Reached skill level 9 in Stealth
  6699 | D:9      | Noticed a two-headed ogre
  6704 | D:9      | Killed a two-headed ogre
  6704 | D:9      | Reached skill level 5 in Dodging
  6724 | D:9      | Gained mutation: You are completely attuned to the shadows. [demonic ancestry]
  6724 | D:9      | Reached XP level 10. HP: 78/78 MP: 10/10
  6857 | D:9      | Found a flagged portal.
  6912 | D:9      | Found a staircase to the Lair.
  7020 | D:9      | Found a bloodstained altar of Trog.
  7048 | D:9      | Noticed a two-headed ogre
  7056 | D:9      | Killed a two-headed ogre
  7086 | D:9      | Reached ***** piety under Trog
  7160 | D:9      | Noticed a two-headed ogre
  7186 | D:9      | Killed a two-headed ogre
  7186 | D:9      | Reached skill level 10 in Stealth
  7388 | D:9      | Found a deep blue altar of Sif Muna.
  7402 | D:9      | Found a hazy altar of Hepliaklqana.
  7412 | D:9      | Found a shimmering altar of Xom.
  7414 | D:9      | Found a bloodstained altar of Trog.
  7415 | D:9      | Found a hide-covered altar of Uskayaw.
  7520 | D:8      | Lost mutation: You passively map a small area around you. [mutagenic meat]
  7522 | D:8      | Gained mutation: You are clumsy. (Dex -2) [mutagenic meat]
  7523 | D:8      | Gained mutation: Scrolls take you a little longer to read. [mutagenic meat]
  7524 | D:8      | Gained mutation: You are covered in fur. (AC +1) [mutagenic meat]
  7545 | D:8      | Noticed Saba's ghost (novice CeHu)
  7574 | D:8      | Killed Saba's ghost
  7574 | D:8      | Reached XP level 11. HP: 86/86 MP: 11/11
  8490 | D:8      | Found a deep blue altar of Sif Muna.
  9128 | Lair:1   | Entered Level 1 of the Lair of Beasts
  9239 | Lair:1   | Reached skill level 11 in Stealth
 10234 | Lair:2   | Noticed a five-headed hydra
 10246 | Lair:2   | Killed a five-headed hydra
 10346 | Lair:2   | Found a shattered altar of Ashenzari.
 10346 | Lair:2   | Noticed an oklob plant
 10380 | Lair:2   | Noticed an oklob plant
 10912 | Lair:3   | Found a frozen archway.
 10921 | IceCv    | Entered an ice cave
 10942 | IceCv    | Reached skill level 12 in Stealth
 10983 | IceCv    | Reached skill level 5 in Armour
 11128 | IceCv    | Gained mutation: You sometimes gain power by taking damage. [demonic ancestry]
 11128 | IceCv    | Reached XP level 12. HP: 90/94 MP: 12/12
 11156 | IceCv    | Received a gift from Trog
 11268 | IceCv    | Noticed a death yak
 11278 | IceCv    | Killed a death yak
 11324 | IceCv    | Noticed a death yak
 11324 | IceCv    | Noticed a frost giant
 11331 | IceCv    | Killed a death yak
 11342 | IceCv    | Killed a frost giant
 11342 | IceCv    | Reached skill level 13 in Stealth
 11378 | IceCv    | Got a shimmering chain mail
 11410 | IceCv    | Identified the +2 chain mail of Wostir {Stlth+} (You found it in an ice cave)
 12297 | Lair:3   | Gained mutation: Your mind is acute. (Int +2) [evolution]
 12352 | Lair:3   | Identified a scroll of acquirement
 12352 | Lair:3   | Got a scintillating golden amulet
 12354 | Lair:3   | Identified the amulet "Kikkifen" {+Blink +Fly rPois Regen+ Str-4} (You acquired it on level 3 of the Lair of Beasts)
 12471 | Lair:4   | Reached skill level 10 in Short Blades
 12508 | Lair:4   | Gained mutation: You are mostly covered in rugged brown scales. (AC +2, +5% HP) [demonic ancestry]
 12508 | Lair:4   | Reached XP level 13. HP: 96/105 MP: 13/13
 12734 | Lair:4   | Got a pair of transparent gloves
 12750 | Lair:4   | Identified the +2 pair of gloves of an ossuary {Regen+ Str+4} (You found it on level 4 of the Lair of Beasts)
 12903 | Lair:4   | Found a staircase to the Snake Pit.
 13471 | Lair:4   | Found a staircase to the Swamp.
 13577 | Snake:1  | Entered Level 1 of the Snake Pit
 13585 | Snake:1  | Found Nisyigg's Weapon Boutique.
 13637 | Snake:1  | Reached skill level 14 in Stealth
 13748 | Snake:1  | Found Hoot's Jewellery Emporium.
 13786 | Snake:1  | Received a gift from Trog
 13792 | Snake:1  | Reached skill level 1 in Evocations
 13885 | Snake:1  | Found Amif's Weapon Shop.
 13896 | Snake:1  | Found Wosmej's Magic Scroll Boutique.
 13920 | Snake:1  | Bought a scroll of enchant weapon for 112 gold pieces
 13920 | Snake:1  | Bought a scroll of identify for 30 gold pieces
 13920 | Snake:1  | Bought a scroll of remove curse for 45 gold pieces
 13933 | Snake:1  | Found Nexi's Jewellery Shop.
 14418 | Snake:2  | Reached XP level 14. HP: 64/114 MP: 14/14
 14602 | Snake:2  | Reached skill level 10 in Fighting
 14602 | Snake:2  | Reached skill level 15 in Stealth
 15163 | Snake:3  | Noticed a nagaraja
 15167 | Snake:3  | Killed a nagaraja
 15167 | Snake:3  | Reached skill level 1 in Shields
 15773 | Snake:4  | Entered Level 4 of the Snake Pit
 15785 | Snake:4  | Found Qepteli's Armour Boutique.
 15858 | Snake:4  | Noticed Vashnia
 15888 | Snake:4  | Killed Vashnia
 15888 | Snake:4  | Reached skill level 10 in Dodging
 16153 | Snake:4  | Noticed Donald
 16164 | Snake:4  | Killed Donald
 16232 | Snake:4  | Noticed a nagaraja
 16241 | Snake:4  | Killed a nagaraja
 16241 | Snake:4  | Reached XP level 15. HP: 122/122 MP: 15/15
 16350 | Snake:4  | Bought a +0 pair of boots for 90 gold pieces
 16350 | Snake:4  | Bought a scarf of resistance for 640 gold pieces
 16477 | Snake:4  | Noticed a nagaraja
 16493 | Snake:4  | Killed a nagaraja
 16493 | Snake:4  | Reached skill level 5 in Shields
 16596 | Snake:4  | Reached skill level 16 in Stealth
 16638 | Snake:4  | Noticed a nagaraja
 16644 | Snake:4  | Killed a nagaraja
 16646 | Snake:4  | Noticed a nagaraja
 16753 | Snake:4  | Killed a nagaraja
 16814 | Snake:4  | HP: 5/183 [naga sharpshooter/arrow (20)]
 16820 | Snake:4  | HP: 7/183 [poisoned by a naga sharpshooter (splash of poison)]
 16932 | Snake:4  | Noticed a nagaraja
 16950 | Snake:4  | Killed a nagaraja
 17044 | Snake:4  | Gained mutation: Scrolls take you longer to read. [mutagenic meat]
 17047 | Snake:4  | Lost mutation: Your mind is acute. (Int +2) [mutagenic meat]
 17069 | Snake:4  | Noticed a nagaraja
 17104 | Snake:4  | Killed a nagaraja
 17120 | Snake:4  | Received a gift from Trog
 17125 | Snake:4  | HP: 8/184 [lindwurm (2)]
 17125 | Snake:4  | Slain by a naga mage

Skill      XL: |  1  2  3  4  5  6  7  8  9 10 11 12 13 14 15 |
---------------+----------------------------------------------+-----
Dodging        | 2 3 4 5 6 7 8 9 10 | 10.8
Stealth        | 1 2 4 5 7 9 10 12 13 14 15 16 | 16.1
Long Blades    | 3 |  3.3
Short Blades   | 2 3 4 6 7 8 10 11 | 11.5
Fighting       | 4 5 7 8 9 10 11 | 11.0
Armour         | 2 3 4 5 6 7 |  7.7
Evocations     | 1 |  1.3
Shields        | 4 6 |  6.5

Action                   |  1- 3 |  4- 6 |  7- 9 | 10-12 | 13-15 || total
-------------------------+-------+-------+-------+-------+-------++-------
Melee: Falchion          |    31 |       |       |       |       ||    31
       Dagger            |    66 |   117 |   174 |   391 |   626 ||  1374
       Headbutt          |       |    17 |    33 |    97 |   181 ||   328
       Kick              |       |    19 |    52 |   169 |   177 ||   417
       Rapier            |       |       |       |     5 |       ||     5
Invok: Berserk           |       |     2 |     4 |     2 |     5 ||    13
       Trog's Hand       |       |     2 |     2 |     3 |     4 ||    11
       Brothers in Arms  |       |       |       |     5 |     8 ||    13
       Burn Spellbooks   |       |       |       |     2 |       ||     2
Evoke: Wand              |       |       |       |     5 |     2 ||     7
       Box of beasts     |       |       |       |       |     1 ||     1
  Use: Scroll            |     3 |     2 |    13 |     5 |    10 ||    33
       Potion            |     2 |     4 |     3 |     2 |    12 ||    23
 Stab: Sleeping          |     4 |    11 |    21 |    47 |    25 ||   108
       Distracted        |       |       |     2 |     2 |     6 ||    10
  Eat: Chunk             |     2 |     7 |    12 |    26 |    11 ||    58
       Royal jelly       |       |     1 |     1 |     1 |       ||     3
       Fruit             |       |       |       |     1 |     6 ||     7
       Meat ration       |       |       |       |       |     2 ||     2
Armor: Animal skin       |    15 |     8 |       |       |       ||    23
       Leather armour    |       |     9 |     2 |       |       ||    11
       Robe              |       |       |    13 |       |       ||    13
       Ring mail         |       |       |    24 |    75 |   210 ||   309
       Skin              |       |       |       |       |    38 ||    38
Dodge: Dodged            |    80 |    74 |    90 |   220 |   367 ||   831
Block: Large shield      |       |       |       |       |    41 ||    41
       Shield            |       |       |       |       |   138 ||   138
       Reflection        |       |       |       |       |    16 ||    16
       Rpst.: Falchion   |     8 |       |       |       |       ||     8
